 Dungeon Crawl Stone Soup version 0.21.1-1-g345015fe64 (webtiles) character file.

94 Naridas the Skirmisher (level 4, -10/31 HPs)
             Began as an Octopode Fighter on July 15, 2018.
             Mangled by Starbugs's ghost (11 damage)
             ... on level 3 of the Dungeon.
             The game lasted 00:05:19 (2043 turns).

Naridas the Skirmisher (Octopode Fighter)           Turns: 2043, Time: 00:05:20

Health: -10/31     AC:  1    Str: 24    XL:     4   Next: 63%
Magic:  4/4        EV: 12    Int: 10    God:
Gold:   84         SH:  9    Dex: 12    Spells: 3/3 levels left

rFire    . . .     SeeInvis .   a - +0 long sword
rCold    . . .     Gourm    .   o - +0 shield (curse)
rNeg     + . .     Faith    .   (helmet restricted)
rPois    .         Spirit   .   (no amulet)
rElec    .         Reflect  .   i - ring of positive energy
rCorr    .         Harm     .   l - +4 ring of strength
MR       .....                  (no ring)
Stlth    ++........             (no ring)
HPRegen  0.10/turn              (no ring)
MPRegen  0.09/turn              (no ring)
                                (no ring)
                                (no ring)

@: mighty
A: almost no armour, stealthy swim, amphibious, 8 rings, constrict 8, camouflage
1, gelatinous body 1
a: no special abilities


You were on level 3 of the Dungeon.
You were not hungry.

You visited 1 branch of the dungeon, and saw 3 of its levels.

You collected 84 gold pieces.

Inventory:

Hand Weapons
 a - a +0 long sword (weapon)
Armour
 b - a +0 shield
 o - a cursed +0 shield (worn)
Jewellery
 i - a ring of positive energy (left tentacle)
 l - a +4 ring of strength (right tentacle)
Scrolls
 e - 2 scrolls of fear {unknown}
 f - 2 scrolls of remove curse {unknown}
 g - a scroll of magic mapping {unknown}
 h - a scroll of identify {unknown}
 m - a scroll of enchant armour {unknown}
 n - a scroll of teleportation {unknown}
Potions
 j - a potion of brilliance {unknown}
 k - a potion of invisibility {unknown}
Comestibles
 d - 6 rations


   Skills:
 + Level 3.5 Fighting
 * Level 3.3 Long Blades
 + Level 3.5 Dodging
 + Level 3.4 Shields


You had 3 spell levels left.
You didn't know any spells.

Dungeon Overview and Level Annotations

Branches:
Dungeon (3/15)

Altars:

Annotations:
D:3 Starbugs's ghost, amateur DgFi


Innate Abilities, Weirdness & Mutations

You cannot wear most types of armour.
You are very stealthy in the water. (Stealth+)
You are amphibious.
You can wear up to eight rings at the same time.
You can use your tentacles to constrict eight enemies at once.
Your skin changes colour to match your surroundings (Stealth+).
Your rubbery body absorbs attacks. (AC +1, EV +1)


Message History

You hit Starbugs's ghost but do no damage.
You squeeze Starbugs's ghost, but do no damage.
Starbugs's ghost is moderately damaged.
Starbugs's ghost hits you.
Starbugs's ghost whispers, "Everlasting silence awaits you..."
You block Starbugs's ghost's attack.
You feel very mighty all of a sudden. Starbugs's ghost hits you.
You hit Starbugs's ghost but do no damage.
Starbugs's ghost is moderately damaged.
Starbugs's ghost hits you.
* * * LOW HITPOINT WARNING * * *
You completely miss Starbugs's ghost.
Starbugs's ghost is moderately damaged.
Starbugs's ghost hits you!
* * * LOW HITPOINT WARNING * * *
You hit Starbugs's ghost.
Starbugs's ghost is heavily damaged.
Starbugs's ghost hits you!
You die...

#########.#.###
#...# ###.#
##.## #.#.#
#..## #.##
#.#########
#....รท.@W.#
#########?# ...
##... #.#.. .#
. #


You could see Starbugs's ghost.

Vanquished Creatures
  4 adders
  An ooze (D:2)
  A worm (D:2)
  An orc (D:3)
  2 ball pythons (D:1)
  3 giant cockroaches
  9 goblins
  3 hobgoblins
  5 jackals
  3 kobolds
  A quokka (D:2)
  5 bats
  3 frilled lizards
  8 rats
49 creatures vanquished.

Notes
Turn   | Place    | Note
-------+----------+-------------------------------------------
     0 | D:1      | Naridas the Octopode Fighter began the quest for the Orb.
     0 | D:1      | Reached XP level 1. HP: 16/16 MP: 1/1
   120 | D:1      | Reached XP level 2. HP: 18/21 MP: 2/2
   789 | D:1      | Reached XP level 3. HP: 26/26 MP: 3/3
  1459 | D:2      | Reached XP level 4. HP: 28/31 MP: 4/4
  1946 | D:3      | Found a faded altar of an unknown god.
  2033 | D:3      | Noticed Starbugs's ghost (amateur DgFi)
  2042 | D:3      | HP: 1/31 [Starbugs's ghost (7)]
  2043 | D:3      | Mangled by Starbugs's ghost

Skill      XL: |  1  2  3 |
---------------+----------+-----
Long Blades    | 3 |  3.3
Fighting       | |  3.5
Dodging        | |  3.5
Shields        | |  3.4

Action                   |  1- 3 |  4- 6 || total
-------------------------+-------+-------++-------
Melee: Long sword        |    66 |    34 ||   100
       Constrict         |    17 |     6 ||    23
       Tentacles         |     9 |     8 ||    17
  Use: Potion            |       |     1 ||     1
 Stab: Sleeping          |     3 |     4 ||     7
  Eat: Chunk             |     2 |     2 ||     4
Armor: Skin              |     3 |       ||     3
Dodge: Dodged            |    33 |     9 ||    42
Block: Shield            |    44 |    12 ||    56
       Rpst.: Long sword |     9 |     4 ||    13
